 Dungeon Crawl Stone Soup version 0.18-a0-705-g580043c (webtiles) character file.

39 4thArraOfDagon the Firebug (level 3, -7/19 HPs)
             Began as a Deep Elf Fire Elementalist on Dec 7, 2015.
             Mangled by an ogre
             ... wielding a +0 giant club
              (18 damage)
             ... on level 4 of the Dungeon.
             The game lasted 00:02:36 (358 turns).

4thArraOfDagon the Firebug (DEFE)                    Turns: 358, Time: 00:02:36

Health: -7/19      AC:  2    Str:  5    XL:     3   Next: 28%
Magic:  6/9        EV: 13    Int: 20    God:
Gold:   50         SH:  0    Dex: 15    Spells: 1 memorised, 7 levels left

rFire  . . .     SeeInvis .     j - +0 dagger
rCold  . . .     Clarity  .     a - +0 robe
rNeg   . . .     SustAt   .     (no shield)
rPois  .         Gourm    .     (no helmet)
rElec  .         Spirit   .     (no cloak)
rCorr  .         Dismiss  .     (no gloves)
rMut   .         Rnd*Tele +     (no boots)
MR     .....                    (no amulet)
Stlth  ++........               (no ring)
                                e - ring of teleportation (curse)

@: not resistant to hostile enchantments, unstealthy
A: no striking features
a: Evoke Teleportation


You were on level 4 of the Dungeon.
You were not hungry.

You visited 1 branch of the dungeon, and saw 4 of its levels.

You collected 50 gold pieces.

Inventory:

Hand Weapons
 j - a +0 dagger (weapon)
Armour
 a - a +0 robe (worn)
Jewellery
 e - a cursed ring of teleportation (left hand)
Scrolls
 d - a scroll of identify {unknown}
 k - 2 scrolls of remove curse {unknown}
 l - a scroll of magic mapping {unknown}
 n - a scroll of teleportation {unknown}
Potions
 h - a potion of lignification {unknown}
 i - a potion of haste {unknown}
 m - a potion of flight {unknown}
Books
 b - a book of Flames

   Spells                             Type                      Level
   a - Flame Tongue                   Conjuration/Fire             1
   b - Throw Flame                    Conjuration/Fire             2
   c - Conjure Flame                  Conjuration/Fire             3
   d - Inner Flame                    Hexes/Fire                   3
   e - Sticky Flame                   Conjuration/Fire             4
   f - Fireball                       Conjuration/Fire             5
Comestibles
 c - 2 bread rations
 f - a meat ration
 g - a beef jerky


   Skills:
 - Level 2.4 Dodging
 - Level 2.4 Stealth
 + Level 3.3 Spellcasting
 * Level 2.4 Conjurations
 * Level 4.0 Fire Magic


You had 7 spell levels left.
You knew the following spells:

 Your Spells              Type           Power        Failure   Level  Hunger
a - Flame Tongue          Conj/Fire      ###..        3%          1    None


Dungeon Overview and Level Annotations

Branches:
Dungeon (4/15)
 Temple: D:4-7

Altars:


Message History

Aim: an ogre, wielding a giant club The flame tongue hits the ogre.
The ogre is moderately wounded.
Casting: Flame Tongue
Confirm with . or Enter, or press ? or * to list all spells.
Aiming: Flame Tongue
Press: ? - help, Shift-Dir - straight line, f/p - ogre
Aim: an ogre, wielding a giant club (moderately wounded)
The flame tongue hits the ogre.
The ogre is moderately wounded.
Casting: Flame Tongue
Confirm with . or Enter, or press ? or * to list all spells.
Aiming: Flame Tongue
Press: ? - help, Shift-Dir - straight line, f/p - ogre
Aim: an ogre, wielding a giant club (moderately wounded)
The flame tongue hits the ogre.
The ogre is heavily wounded.
The ogre hits you with a giant club!!
Ouch! That really hurt!
You die...

#.............
#................
##................
#.................
#.................
#......<..........
#.................
#.................
###.......@.......
##......O.......
#....##............
##... #.?..........
##.......#........
#................
#............#....
#......###....##..
..#..### #....# #.


You could see an ogre.

Vanquished Creatures
  A worker ant (D:3)
  An ooze (D:1)
  2 giant geckos
  A hobgoblin (D:1)
  2 kobolds
  A giant newt (D:2)
  A goblin (D:1)
  4 rats
13 creatures vanquished.

Notes
Turn   | Place    | Note
--------------------------------------------------------------
     0 | D:1      | 4thArraOfDagon the Deep Elf Fire Elementalist began the quest for the Orb.
     0 | D:1      | Reached XP level 1. HP: 10/10 MP: 6/6
   130 | D:1      | Reached XP level 2. HP: 15/15 MP: 5/8
   286 | D:3      | Reached skill level 4 in Fire Magic
   286 | D:3      | Reached XP level 3. HP: 7/19 MP: 4/9
   346 | D:4      | Noticed an ogre
   358 | D:4      | Mangled by an ogre

Vault maps used:
D:1:      grunt_arrival_crossed_arrows, minmay_cut_off
D:2:      nemelex_diamond_rough_becter
D:3:      first_bread

Action                   || total
-------------------------++-------
Melee: Dagger            ||     6
 Cast: Flame Tongue      ||    25
 Stab: Sleeping          ||     1
